 Dungeon Crawl Stone Soup version 0.19.5 (webtiles) character file.

104 JeffiDaFish the Shield-Bearer (level 4, -10/29 HPs)
             Began as a Gargoyle Fighter on Nov 15, 2017.
             Killed by divine providence
             ... invoked by an orc priest
              (12 damage)
             ... on level 3 of the Dungeon.
             The game lasted 00:03:37 (1885 turns).

JeffiDaFish the Shield-Bearer (Gargoyle Fighter)    Turns: 1885, Time: 00:03:38

Health: -10/29     AC: 12    Str: 17 (19) XL:     4   Next: 80%
Magic:  4/4        EV: 14    Int:  6 (9)  God:
Gold:   135        SH: 12    Dex: 14 (15) Spells: 0 memorised, 3 levels left

rFire  . . .     SeeInvis .     a - +0 flail
rCold  . . .     Gourm    +     b - +0 scale mail
rNeg   + . .     Faith    .     c - +3 shield
rPois  ∞         Spirit   .     (no helmet)
rElec  +         Reflect  .     (no cloak)
rCorr  .         Harm     .     (no gloves)
MR     .....                    (no boots)
Stlth  +.........               e - amulet of the gourmand
                                (no ring)
                                (no ring)

@: agile
A: repulsion field 1, slimy green scales 1, blurry vision 1, negative energy
resistance 1, electricity resistance, unbreathing, petrification resistance, rot
immunity, AC +3
a: no special abilities


You were on level 3 of the Dungeon.
You were very full.

You visited 1 branch of the dungeon, and saw 3 of its levels.

You collected 135 gold pieces.

Inventory:

Hand Weapons
 a - a +0 flail (weapon)
Armour
 b - a +0 scale mail (worn)
 c - a +3 shield (worn)
Jewellery
 e - an amulet of the gourmand (around neck)
Scrolls
 k - 2 scrolls of identify
 l - a scroll of blinking
Potions
 d - a potion of might
Comestibles
 f - 3 bread rations
 g - 3 meat rations
 h - 2 beef jerkies


   Skills:
 + Level 4.1 Fighting
 + Level 3.0 Maces & Flails
 + Level 3.7 Armour
 + Level 0.1 Dodging
 + Level 4.2 Shields


You had 3 spell levels left.
You didn't know any spells.

Dungeon Overview and Level Annotations

Branches:
Dungeon (3/15)

Altars:
Dithmenos

Annotations:
D:3 Natasha


Innate Abilities, Weirdness & Mutations

You are resistant to torment.
Your stone body is resilient. (AC +3)
You are immune to poison.
You resist negative energy. (rN+)
You are resistant to electric shocks. (rElec)
You can survive without breathing.
You are immune to petrification.
You are immune to rotting.
You are surrounded by a mild repulsion field. (EV +2)
You are partially covered in slimy green scales. (AC +2)
Scrolls take you a little longer to read.


Message History

You barely miss the orc priest. The orc priest barely misses you.
You closely miss the orc priest.
The orc priest casts a cantrip, but nothing happens.
You closely miss the orc priest. You block the orc priest's attack.
Your shield and scale mail prevent you from hitting the orc priest.
The orc priest invokes the aid of Beogh against you.
You barely resist. You closely miss the orc priest.
The orc priest invokes the aid of Beogh against you.
Beogh smites you!
* * * LOW HITPOINT WARNING * * *
You block the orc priest's attack.
You hit the orc priest.
The orc priest is moderately wounded.
You block the orc priest's attack.
You barely miss the orc priest.
The orc priest is moderately wounded.
The orc priest calls down the wrath of Beogh upon you.
Beogh smites you!
You die...

###.# #.#..#.#..#.#..#.#.. #...#
#.#..#.#..'.'..#.#.. #.###
#.####.####.####.### #.#
#................... * #.#
#################### ####.# #.#
*...# ..##.# ##.## *#..# #.##.#
##.#.## #..# #.##.#
###.###@###### #..# #.##.# #..##
##o....# #..# #....#
#.#.###.####.# #..#
#.########.##.#.....#.######..###
#.###........#.####o#.##.........
#.#.....##.#.######..#..#.#...###
#.#.#.#.##....#[....###....5..##.
#................###.#..#.#h..oo.
#.#.#.#.##.........##.##...#####.


You could see an orc priest.

Vanquished Creatures
  2 adders
  An ooze (D:2)
  4 worms
  2 dart slugs
  2 leopard geckos (D:1)
  An orc (D:3)
  4 giant cockroaches
  5 goblins
  4 hobgoblins
  10 jackals
  6 kobolds
  A ball python (D:2)
  6 bats
  3 frilled lizards
  7 rats
58 creatures vanquished.

Notes
Turn   | Place    | Note
-------+----------+-------------------------------------------
     0 | D:1      | JeffiDaFish the Gargoyle Fighter began the quest for the Orb.
     0 | D:1      | Reached XP level 1. HP: 14/14 MP: 1/1
     8 | D:1      | Gained mutation: Scrolls take you a little longer to read. [potion of mutation]
     8 | D:1      | Gained mutation: You are surrounded by a mild repulsion field. (EV +2) [potion of mutation]
     8 | D:1      | Gained mutation: You are partially covered in slimy green scales. (AC +2) [potion of mutation]
   137 | D:1      | Reached XP level 2. HP: 12/19 MP: 2/2
   419 | D:1      | Reached XP level 3. HP: 22/24 MP: 3/3
  1004 | D:2      | Reached XP level 4. HP: 29/29 MP: 4/4
  1833 | D:3      | Found a shadowy altar of Dithmenos.
  1836 | D:3      | Noticed Natasha
  1885 | D:3      | Killed from afar by an orc priest

Skill      XL: |  1  2  3  4 |
---------------+-------------+-----
Fighting       | 4 |  4.1
Shields        | 4 |  4.2
Maces & Flails | 3 |  3.0
Armour         | |  3.7
Dodging        | |  0.1

Action                   |  1- 3 |  4- 6 || total
-------------------------+-------+-------++-------
Melee: Flail             |   133 |    83 ||   216
  Use: Potion            |     6 |     3 ||     9
       Scroll            |     7 |     2 ||     9
  Eat: Chunk             |    13 |     6 ||    19
Armor: Scale mail        |   100 |    32 ||   132
Dodge: Dodged            |    59 |    20 ||    79
Block: Shield            |    92 |    72 ||   164
